 Dungeon Crawl Stone Soup version 0.30.0-5-g1a98f26d00 (webtiles) character file.

Game seed: 2203598944901835096

83 NinjaNoafa the Grasshopper (level 4, -2/39 HPs)
             Began as an Armataur Warper on May 8, 2023.
             Slain by a gnoll
             ... wielding a +0 halberd
              (3 damage)
             ... on level 2 of the Dungeon.
             The game lasted 00:02:33 (1277 turns).

NinjaNoafa the Grasshopper (Armataur Warper)        Turns: 1277, Time: 00:02:34

Health: -2/39      AC:  8    Str: 16    XL:     4   Next: 22%
Magic:  6/6        EV:  5    Int: 14    God:
Gold:   90         SH:  0    Dex: 11    Spells: 6/6 levels left

rFire   . . .        r - +0 mace (drain)
rCold   . . .        (no shield)
rNeg    . . .        n - +0 chain mail
rPois   .            (no helmet)
rElec   .            (no cloak)
rCorr   .            (no gloves)
SInv    .            (no barding)
Will    .....        (no amulet) Stlth
                     (no ring)
HPRegen 0.26/turn    (no ring)
MPRegen 0.10/turn

%: roll
@: no status effects
A: large, rugged brown scales 3, deformed body, armoured tail, roll, long
tongue, awkward tongue
a: no special abilities


You were on level 2 of the Dungeon.
You visited 1 branch of the dungeon, and saw 2 of its levels.

You collected 90 gold pieces.

Inventory:

Hand Weapons
 r - a +0 mace of draining (weapon)
Missiles
 d - 7 boomerangs of dispersal (quivered)
 i - 3 poisoned darts
 q - 4 boomerangs
Armour
 n - a +0 chain mail (worn)
Scrolls
 c - 2 scrolls of blinking
 e - a scroll of brand weapon {unknown}
 f - 4 scrolls of noise
 g - a scroll of poison {unknown}
 h - a scroll of teleportation
 l - a scroll of magic mapping {unknown}
 o - a scroll of fear {unknown}
Potions
 j - a potion of ambrosia
 k - a potion of cancellation
 m - 2 potions of heal wounds
 p - 2 potions of might {unknown}


   Skills:
 + Level 2.7 Fighting
 + Level 2.7 Maces & Flails
 - Level 0.8 Throwing
 + Level 3.0 Armour
 - Level 1.3 Dodging
 - Level 1.7 Spellcasting
 - Level 3.0 Translocations


You had 6 spell levels left.
You didn't know any spells.
Your spell library contained the following spells:

 Spells                   Type           Power      Damage    Failure   Level
 Blink                    Tloc           18%        N/A       78%         2
 Lesser Beckoning         Tloc           18%        N/A       78%         2
 Teleport Other           Tloc           9%         N/A       95%         3
 Sting                    Tmut/Pois      4%         1d3       96%         1
 Poisonous Vapours        Pois/Air       2%         N/A       99%         2
 Vhi's Electric Charge    Tloc/Air       10%        N/A       99%         3
 Tukima's Dance           Hex            1%         N/A       100%        3
 Manifold Assault         Tloc           9%         N/A       100%        4
 Olgreb's Toxic Radiance  Pois           1%         N/A       100%        4
 Passage of Golubria      Tloc           9%         N/A       100%        4
 Arcjolt                  Conj/Air       0%         1d10      100%        5
 Yara's Violent Unravell  Hex/Tmut       0%         3d3       100%        5
 Maxwell's Capacitive Co  Air            0%         ∞         100%        8


Dungeon Overview and Level Annotations

Branches:
Dungeon (2/15) Zot: 10677

Altars:


Innate Abilities, Weirdness & Mutations

You are completely covered in rugged brown scales. (AC +3, +7% HP)
Armour fits poorly on your strangely shaped body.
You have a long armoured tail.
You roll when moving toward enemies. (Rampage)
Your long tongue fully drains potion bottles. (2x potion effects)
Your tongue gives you trouble enunciating. (1.5x scroll delay)


Message History

Things that are here:
a +0 club; a goblin corpse You now have 90 gold pieces (gained 3).
You see here a scroll of noise.
Key pressed, stopping explore.
A gnoll is nearby!
A gnoll is nearby!
Okay, then.
The gnoll shouts!
You roll towards the gnoll!
The gnoll hits you with a +0 flail!
You hit the gnoll.
The gnoll is lightly wounded.
The gnoll completely misses you. The gnoll hits you with a +0 flail!
You hit the gnoll. You drain the gnoll.
The gnoll is almost dead.
The gnoll hits you with a +0 flail.
* * * LOW HITPOINT WARNING * * *
You hit the gnoll.
You kill the gnoll!
Things that are here:
a +0 flail; a gnoll corpse Unknown command.
The gnoll shouts!
A gnoll is nearby!
A gnoll is nearby!
Unknown command.
Things that are here:
a +0 flail; a gnoll corpse You roll towards the gnoll!
You hit the gnoll. You drain the gnoll.
The gnoll is heavily wounded.
The gnoll hits you with a +0 halberd.
* * * LOW HITPOINT WARNING * * *
You barely miss the gnoll.
The gnoll is heavily wounded.
The gnoll hits you with a +0 halberd!
* * * LOW HITPOINT WARNING * * *
The gnoll hits you with a +0 halberd.
* * * LOW HITPOINT WARNING * * *
The gnoll hits you from afar with a +0 halberd.
You die...

##.## #. #.# #.
######### #.# #.
#.......# #.# #.
###.#####.#######.# #.
#...).............# #.
#.#?####...######## #.
#.#.# #...###########
##. #.#.##
#.@.g......)..# #..
#.#..#
#.#.#########.###..
#.##.# #.#.# ##.##.#.
#.##.# #.#.#
#####..g.### #.##.#
#.#.####.)......# #
#.##.###.#......###....#
# #........#####..#
##.##>#. ####.#####
#..####.# #.# #.#
#.......# #..


You could see a gnoll (very drained).

Vanquished Creatures
  2 gnolls (D:2)
  An adder (D:2)
  A worm (D:2)
  2 dart slugs (D:1)
  2 giant cockroaches (D:1)
  4 goblins
  6 hobgoblins
  7 jackals (D:1)
  3 quokkas
  3 ball pythons
  7 bats
  2 frilled lizards
  5 kobolds
  A rat (D:2)
46 creatures vanquished.

Notes
Turn   | Place    | Note
-------+----------+-------------------------------------------
     0 | D:1      | NinjaNoafa the Armataur Warper began the quest for the Orb.
     0 | D:1      | Reached XP level 1. HP: 18/18 MP: 3/3
   196 | D:1      | Reached XP level 2. HP: 14/25 MP: 4/4
   539 | D:1      | Reached XP level 3. HP: 31/31 MP: 5/5
  1168 | D:2      | Reached XP level 4. HP: 39/39 MP: 6/6
  1276 | D:2      | HP: 1/39 [gnoll/+0 halberd (6)]
  1277 | D:2      | Slain by a gnoll

Illustrated notes

Levels and vault maps discovered:
D:1:      roderic_octagonal_star, layout_loops_ring
D:2:      layout_loops_ring

Skill      XL: |  1  2  3  4 |
---------------+-------------+-----
Fighting       | 2 |  2.7
Maces & Flails | 2 |  2.7
Armour         | 2 3 |  3.0
Throwing       | |  0.8
Dodging        | |  1.3
Spellcasting   | |  1.7
Translocations | |  3.0

Action                     |  1- 3 |  4- 6 || total
---------------------------+-------+-------++-------
  Melee: Mace              |   138 |    11 ||   149
         Tailslap          |    13 |     2 ||    15
    Use: Scroll            |     2 |     3 ||     5
 Armour: Scale mail        |    59 |       ||    59
         Leather armour    |     4 |       ||     4
         Chain mail        |    55 |     1 ||    56
  Dodge: Dodged            |    69 |     2 ||    71
